 Dungeon Crawl Stone Soup version 0.31.0-32-g396128a36d (webtiles) character file.

Game seed: 1800897797422697502

1732 unglucky the Chopper (level 8, -1/79 HPs)
             Began as a Troll Fighter on Apr 13, 2024.
             Was an Initiate of Dithmenos.
             Succumbed to a killer bee's poison
             ... on level 6 of the Dungeon.
             The game lasted 00:23:59 (4440 turns).

unglucky the Chopper (Troll Fighter)                Turns: 4440, Time: 00:24:00

Health: -1/79      AC:  4    Str: 26 (27) XL:     8   Next: 76%
Magic:  7/7        EV:  9    Int: 10      God:    Dithmenos [......]
Gold:   110        SH:  7    Dex:  7 (9)  Spells: 7/7 levels left

rFire   . . .        o - +4 war axe (freeze)
rCold   . . .        c - +0 kite shield
rNeg    . . .        b - +0 robe
rPois   .            (helmet restricted)
rElec   .            (no cloak)
rCorr   .            (gloves unavailable)
SInv    +            (boots unavailable)
Will    +....        (no amulet)
Stlth   +            f - +6 ring of intelligence
HPRegen 1.13/turn    g - ring of see invisible
MPRegen 0.10/turn

%: no passive effects
@: mighty, lethally poisoned (-1 -> -5)
A: large, unfitting armour, claws 3, regeneration 1, shaggy fur 1, tough skin 1,
deterioration 1, strong-willed 1, MP-powered wands
a: Renounce Religion


You were on level 6 of the Dungeon.
You worshipped Dithmenos.
Dithmenos was noncommittal.
You visited 2 branches of the dungeon, and saw 8 of its levels.

You collected 311 gold pieces.
You spent 201 gold pieces at shops.

Inventory:

Hand Weapons
 a - a +0 war axe
 d - a +1 scythe of venom
 j - a +1 whip of venom
 o - a +4 war axe of freezing (weapon)
Missiles
 k - a throwing net
Armour
 b - a +0 robe (worn)
 c - a +0 kite shield (worn)
 h - an orb of mayhem
Magical Staves
 p - a staff of death
Jewellery
 f - a +6 ring of intelligence (left claw)
 g - a ring of see invisible (right claw)
 n - a ring of see invisible
Talismans
 q - a talisman of death
Wands
 m - a wand of flame (19)
Scrolls
 i - 2 scrolls of teleportation


   Skills:
 + Level 4.4 Fighting
 + Level 5.5(6.2) Axes
 - Level 4.1(5.5) Polearms
 + Level 4.9 Dodging
 + Level 4.0 Shields


You had 7 spell levels left.
You didn't know any spells.
Your spell library contained the following spells:

 Spells                   Type           Power      Damage    Failure   Level
 Freeze                   Ice            0%         1d3       58%         1
 Magic Dart               Conj           0%         1d3       58%         1
 Blink                    Tloc           0%         N/A       75%         2
 Call Imp                 Summ           0%         N/A       75%         2
 Call Canine Familiar     Summ           0%         N/A       92%         3
 Frozen Ramparts          Ice            0%         1d1       92%         3
 Hailstorm                Conj/Ice       0%         3d5       92%         3
 Sigil of Binding         Hex            0%         N/A       92%         3
 Tukima's Dance           Hex            0%         N/A       92%         3
 Dimensional Bullseye     Hex/Tloc       0%         N/A       100%        4
 Ignite Poison            Fire/Alch      0%         N/A       100%        4
 Iskenderun's Mystic Bla  Conj/Tloc      0%         2d3       100%        4
 Leda's Liquefaction      Alch/Erth      0%         N/A       100%        4
 Petrify                  Alch/Erth      0%         N/A       100%        4
 Sticky Flame             Fire/Alch      0%         2d4       100%        4
 Metabolic Englaciation   Hex/Ice        0%         N/A       100%        5
 Ignition                 Fire           0%         3d3       100%        8


Dungeon Overview and Level Annotations

Branches:
Dungeon (7/15)             Temple (1/1) D:4

Altars:
Ashenzari
Cheibriados
Dithmenos
Elyvilon
Fedhas
Gozag
Hepliaklqana
Makhleb
Nemelex Xobeh
Okawaru
Qazlal
Sif Muna
Trog
Vehumet
Wu Jian
Xom
Zin
The Shining One

Shops:
D:4 :   D:5 ([:[[

Annotations:
D:6 Pikel


Innate Abilities, Weirdness & Mutations

You are too large for most types of armour.
You have claws for hands.
Your natural rate of healing is unusually fast.
You are covered in fur. (AC +1)
You have tough skin. (AC +1)
Your body sometimes deteriorates upon taking damage.
You are strong-willed. (Will+)
You expend magic power (3 MP) to strengthen your wands.


Message History

You block the killer bee's attack.
The killer bee stings you but does no damage.
The killer bee stings you.
You are more poisoned.
The killer bee poisons you! You block the killer bee's attack.
You block the lemure's attack. The killer bee stings you.
The killer bee closely misses you.
You feel your intelligence returning.
You slash the killer bee! You freeze the killer bee!
You kill the killer bee!
Dithmenos accepts your kill.
You slash the lemure! You freeze the lemure. You miss the killer bee.
You feel extremely sick. The killer bee closely misses you.
You block the lemure's attack. The killer bee barely misses you.
The lemure barely misses you. The killer bee stings you.
You are more poisoned.
The killer bee poisons you!
Your Shields skill increases to level 4!
You slash the killer bee! You freeze the killer bee!
You kill the killer bee!
Dithmenos accepts your kill.
You miss the lemure.
You feel extremely sick. You block the lemure's attack.
You can't go down here!
You feel very sick. You block the lemure's attack.
You climb upwards.
Level annotation: Pikel The lemure shouts!
The howler monkey howls!
You feel very sick. The lemure hits you.
* * * LOW HITPOINT WARNING * * *
The howler monkey hits you.
* * * LOW HITPOINT WARNING * * *
The lemure hits you!
* * * LOW HITPOINT WARNING * * *
There is a stone staircase leading down, spattered with blood here.
You die...

#.#### #.... #....# #....
#.. ####.# ##### #.. #.#
#... #.####### #...
#####.##..... ###...######
#......#.....
.........5.###............
.......5h@...........<....
.....K...5.###......#...)<
###...###### #...##.#.....
#.. #......#..... #.
##.......#### #
#........... ##.#####.###
#.#####.### #....##.##.


You could see Pikel, 3 lemures and a howler monkey.

Vanquished Creatures
  Sigmund (D:2)
  Eustachio (D:5)
  A water moccasin (D:5)
  An ice beast (D:5)
  A phantom (D:4)
  3 scorpions
  4 killer bees (D:7)
  2 bombardier beetles
  2 hounds
  5 orc priests
  A gnoll bouda (D:3)
  3 iguanas
  6 orc wizards (D:5)
  8 gnolls
  5 adders
  A white imp (D:5)
  2 ufetubi (D:7)
  2 ribbon worms (D:2)
  4 dart slugs
  10 orcs
  2 endoplasms
  A giant cockroach (D:2)
  6 goblins
  9 hobgoblins
  9 jackals
  7 kobolds
  8 quokkas
  10 ball pythons
  5 bats
  5 frilled lizards
  8 rats
133 creatures vanquished.

Notes
Turn   | Place    | Note
-------+----------+-------------------------------------------
     0 | D:1      | unglucky the Troll Fighter began the quest for the Orb.
     0 | D:1      | Reached XP level 1. HP: 22/22 MP: 0/0
    98 | D:1      | Reached XP level 2. HP: 26/29 MP: 1/1
   363 | D:1      | Reached skill level 2 in Axes
   363 | D:1      | Reached XP level 3. HP: 36/36 MP: 2/2
   704 | D:1      | Gained mutation: You are dopey. (Int -2) [potion of
                  | mutation]
   704 | D:1      | Gained mutation: You have a pair of small horns on your
                  | head. [potion of mutation]
   778 | D:2      | Found a faded altar of an unknown god.
   977 | D:2      | Noticed Sigmund
   990 | D:2      | Killed Sigmund
   991 | D:2      | Reached skill level 3 in Axes
   991 | D:2      | Reached XP level 4. HP: 3/45 MP: 3/3
   991 | D:2      | Reached XP level 5. HP: 4/53 MP: 4/4
  1182 | D:2      | Lost mutation: You are dopey. (Int -2) [potion of mutation]
  1182 | D:2      | Lost mutation: You have a pair of small horns on your head.
                  | [potion of mutation]
  1182 | D:2      | Gained mutation: You expend magic power (3 MP) to
                  | strengthen your wands. [potion of mutation]
  1182 | D:2      | Gained mutation: Your system is resistant to poisons.
                  | (rPois) [potion of mutation]
  1182 | D:2      | Gained mutation: You are strong-willed. (Will+) [potion of
                  | mutation]
  1484 | D:2      | Reached XP level 6. HP: 61/61 MP: 5/5
  1677 | D:3      | Reached skill level 1 in Polearms
  2141 | D:4      | Lost mutation: You expend magic power (3 MP) to strengthen
                  | your wands. [potion of mutation]
  2141 | D:4      | Lost mutation: Your system is resistant to poisons. (rPois)
                  | [potion of mutation]
  2141 | D:4      | Gained mutation: You expend magic power (3 MP) to
                  | strengthen your wands. [potion of mutation]
  2141 | D:4      | Gained mutation: Your body sometimes deteriorates upon
                  | taking damage. [potion of mutation]
  2310 | D:4      | Found a staircase to the Ecumenical Temple.
  2318 | D:4      | Reached XP level 7. HP: 67/67 MP: 6/6
  2403 | D:4      | Found a broken altar of Ashenzari.
  2557 | D:4      | Found Ojudgh's Vocational Training.
  2722 | D:5      | Entered Level 5 of the Dungeon
  2733 | D:5      | Found Wiupt's Book Shoppe.
  2775 | D:5      | Found Aderoschu's Armour Emporium.
  2825 | D:5      | Found Kiul Reph's Antique Armour Boutique.
  3056 | D:5      | Noticed a +0 triple sword
  3058 | D:5      | Found Siqohef's Weapon Shoppe.
  3059 | D:5      | Noticed a +0 bardiche
  3064 | D:5      | Bought a +2 war axe of freezing for 201 gold pieces
  3194 | D:5      | Reached skill level 4 in Axes
  3472 | D:5      | Reached XP level 8. HP: 38/78 MP: 7/7
  3616 | D:5      | Found Fatyd's Armour Emporium.
  3620 | D:5      | Noticed Eustachio
  3635 | D:5      | Killed Eustachio
  3774 | D:5      | Found a shadowy altar of Dithmenos.
  3787 | D:5      | Became a worshipper of Dithmenos the Shadowed
  3918 | D:5      | Reached skill level 5 in Axes
  4093 | Temple   | Entered the Ecumenical Temple
  4414 | D:6      | Noticed Pikel
  4439 | D:6      | HP: 1/79 [lemure[Pikel] (7)]
  4440 | D:6      | Succumbed to a killer bee's poison

Illustrated notes

Levels and vault maps discovered:
D:1:      spicycebolla_arrival_clurvy, layout_basic
D:2:      layout_basic, serial_curves, eino_curves_01, eino_curves_03,
          eino_curves_03, hellmonk_ecumenical_altar_lost_god, uniq_sigmund
D:3:      layout_basic
D:4:      layout_rooms, mainiacjoe_overflow_concentric_impassable,
          minmay_temple_entry_tees, nicolae_shop_vocational
D:5:      layout_cave_pools, grunt_dithmenos_smoke_and_mirrors, serial_shops,
          shop_statue, shop, shop, nicolae_shop_mannequins,
          nicolae_shop_tiny_waterfront, serial_co_window_serial,
          co_window_corner_a, co_window_paths_a, co_window_of_opportunity_a,
          co_window_paths_a, co_window_cross_1, co_window_paths_b,
          co_window_corner_a, co_window_broadway_b, co_window_of_opportunity_b,
          co_window_corner_b, co_window_2corner, co_window_4corner_a,
          co_window_paths_e, glass_columns_a, glass_columns_a, glass_columns_a,
          minmay_misc_feat_chi, minmay_a_box_with_orc_wizards_in_it,
          uniq_eustachio
D:6:      layout_loops_cross, uniq_duvessa, uniq_prince_ribbit1, uniq_pikel
D:7:      layout_loops_ring, marbit_many_paths, minmay_liquid_box
Temple:   nicolae_temple_elliptical

Skill      XL: |  1  2  3  4  5  6  7  8 |
---------------+-------------------------+-----
Axes           | 2 3 4 5 |  5.5
Shields        | 3 4 |  4.0
Fighting       | 3 4 |  4.4
Dodging        | 3 4 |  4.9
Polearms       | 3 4 |  4.1

Action                     |  1- 3 |  4- 6 |  7- 9 || total
---------------------------+-------+-------+-------++-------
  Melee: War axe           |   109 |     1 |   100 ||   210
         Headbutt          |     1 |     2 |       ||     3
         Halberd           |       |   148 |    38 ||   186
Ability: Begin Untransform |     1 |       |       ||     1
    Use: Potion            |     4 |     5 |     7 ||    16
         Scroll            |     3 |     1 |     6 ||    10
   Stab: Sleeping          |       |     1 |     1 ||     2
 Armour: Robe              |    80 |   133 |   126 ||   339
         Skin              |       |       |    17 ||    17
  Dodge: Dodged            |    41 |   108 |    94 ||   243
  Block: Kite shield       |    51 |     1 |    53 ||   105
   Form: Statue            |     1 |       |       ||     1
